 Dungeon Crawl Stone Soup version 0.17-b1-15-g0f5fb43 (webtiles) character file.

184 glosham the Cudgeler (level 5, 0/41 HPs)
             Began as a Demonspawn Chaos Knight on Nov 2, 2015.
             Slain by a giant frog (3 damage)
             ... on level 4 of the Dungeon on Nov 3, 2015.
             The game lasted 00:35:35 (2789 turns).

glosham the Cudgeler (Demonspawn Chaos Knight)      Turns: 2789, Time: 00:35:35

Health: 0/41       AC:  6    Str: 14    XL:     5   Next: 36%
Magic:  5/5        EV: 11    Int: 13    God:    Xom [.*....]
Gold:   190        SH:  0    Dex: 12    Spells: 0 memorised, 4 levels left

rFire  . . .     SeeInvis .     a - +0 mace (chaos)
rCold  . . .     Clarity  .     X - +3 leather armour
rNeg   . . .     SustAt   .     (no shield)
rPois  .         Gourm    .     (helmet restricted)
rElec  .         Spirit   .     (no cloak)
rCorr  .         Warding  .     (no gloves)
rMut   .         Stasis   .     (no boots)
MR     .....                    (no amulet)
Stlth  ++........               (no ring)
                                A - ring of stealth

@: not resistant to hostile enchantments, unstealthy
A: horns 1, rot immunity
a: Renounce Religion


You were on level 4 of the Dungeon.
You worshipped Xom.
You were a plaything of Xom.
You were not hungry.

You visited 1 branch of the dungeon, and saw 4 of its levels.

You collected 190 gold pieces.

Inventory:

Hand Weapons
 a - a +0 mace of chaos (weapon)
Missiles
 e - 2 throwing nets (quivered)
 f - 13 poisoned arrows
 r - 7 javelins
 t - 6 tomahawks
 u - 11 exploding sling bullets
Armour
 h - a +0 shield
 X - a +3 leather armour (worn)
Jewellery
 A - a ring of stealth (left hand)
Wands
 c - a wand of polymorph (11)
 g - a wand of random effects (33)
Scrolls
 m - 4 scrolls of identify
 n - a scroll of immolation
 q - a scroll of teleportation
 s - a scroll of amnesia
Potions
 i - 2 potions of curing
 l - 2 potions of brilliance
 p - a potion of invisibility
 v - a potion of agility
Comestibles
 b - 2 bread rations
 d - a slice of pizza
 j - 2 beef jerkies
 o - 3 meat rations


   Skills:
 - Level 3.0 Fighting
 * Level 5.6 Maces & Flails
 - Level 1.7 Armour
 - Level 0.8 Dodging


You had 4 spell levels left.
You didn't know any spells.

Dungeon Overview and Level Annotations

Branches:
Dungeon (4/15)
 Temple: D:4-7

Altars:
Gozag


Innate Abilities, Weirdness & Mutations

You have a pair of small horns on your head.
You are immune to rotting.


Message History

You barely miss the jackal.
You headbutt the jackal, but do no damage.
The jackal bites you but does no damage.
The jackal misses you.
You sock the jackal!
You kill the jackal!
The giant frog hits you.
You closely miss the giant frog.
The giant frog hits you but does no damage.
You hit the giant frog.
You heal the giant frog.
The giant frog is completely healed.
Xom is highly amused!
Your headbutt misses the giant frog. The giant frog hits you!
The giant frog barely misses you.
You closely miss the giant frog. The giant frog hits you.
The giant frog hits you but does no damage.
You sock the giant frog! You freeze the giant frog.
The giant frog seems to slow down.
You headbutt the giant frog.
The giant frog is severely wounded.
The giant frog hits you.
You barely miss the giant frog.
The giant frog is severely wounded.
The giant frog misses you.
You completely miss the giant frog.
The giant frog is severely wounded.
The giant frog is no longer moving slowly.
The giant frog hits you.
You hit the giant frog.
The giant frog is almost dead.
The giant frog hits you. The giant frog hits you!
* * * LOW HITPOINT WARNING * * *
You closely miss the giant frog.
The giant frog is almost dead.
The giant frog hits you.
* * * LOW HITPOINT WARNING * * *
You closely miss the giant frog.
The giant frog is almost dead.
The giant frog barely misses you. The giant frog hits you.
You die... "Boring in life, boring in death..."

....... #.#.# #.# #
#......#### #.#.# #.#.#
..........###.#.###.#.####
...........................
.....#.##..##.###.......###
.....#.###.##.#............
..............#............
/. ..#.###..###..##+#+#....
. #.#. ##.F@...# #### # #.
#.###..# #..##..# #..##..#
#..##..# #..##..# ...h...#
##...##.# #.#.#


You could see a giant frog.

Vanquished Creatures
  An orc priest (D:3)
  An orc wizard (D:3)
  4 adders (D:2)
  2 worms
  5 giant geckos
  4 orcs (D:3)
  A ball python (D:3)
  5 giant cockroaches
  11 hobgoblins
  7 bats
  2 giant newts
  9 goblins
  10 jackals
  9 kobolds
  9 rats
80 creatures vanquished.

Notes
Turn   | Place    | Note
--------------------------------------------------------------
     0 | D:1      | glosham the Demonspawn Chaos Knight began the quest for the Orb.
     0 | D:1      | Reached XP level 1. HP: 18/18 MP: 1/1
    12 | D:1      | XOM: silly message
   180 | D:1      | Reached skill level 3 in Maces & Flails
   229 | D:1      | Gained mutation: You have a pair of small horns on your head. [demonic ancestry]
   229 | D:1      | Reached XP level 2. HP: 24/24 MP: 2/2
   609 | D:1      | XOM: potion effect (invisibility)
   631 | D:1      | Reached XP level 3. HP: 16/29 MP: 3/3
   791 | D:2      | Reached skill level 4 in Maces & Flails
   951 | D:2      | XOM: divination: detect items
  1268 | D:2      | XOM: harmless Divn miscast
  1309 | D:2      | Reached XP level 4. HP: 30/35 MP: 4/4
  1519 | D:2      | XOM: divination: detect items
  1789 | D:2      | XOM: harmless Erth miscast
  1822 | D:3      | XOM: stealth player
  1908 | D:3      | Found an opulent altar of Gozag.
  2167 | D:3      | Reached skill level 5 in Maces & Flails
  2182 | D:3      | Gained mutation: You are immune to rotting. [demonic ancestry]
  2182 | D:3      | Reached XP level 5. HP: 9/41 MP: 5/5
  2223 | D:3      | XOM: silly message
  2594 | D:2      | XOM: god gift: worn glass wand {god gift}
  2620 | D:3      | XOM: mild Necr miscast
  2788 | D:4      | HP: 3/41 [giant frog (4)]
  2789 | D:4      | Slain by a giant frog

Action                   |  1- 3 |  4- 6 || total
-------------------------+-------+-------++-------
Melee: Mace              |   131 |   105 ||   236
  Use: Scroll            |     5 |     7 ||    12
 Stab: Sleeping          |     2 |       ||     2
       Invisible         |     2 |       ||     2
       Paralysed         |     1 |     1 ||     2
       Distracted        |       |     1 ||     1
  Eat: Chunk             |     2 |     5 ||     7

Table legend:
 A = Turns spent in this place as a percentage of turns spent in the entire game.
 B = Non-inter-level travel turns spent in this place as a percentage of non-inter-level travel turns spent in the entire game.
 C = Inter-level travel turns spent in this place as a percentage of turns spent in this place.
 D = Turns resting spent in this place as a percentage of non-inter-level travel turns spent in this place.
 E = Turns spent auto-exploring this place as a percentage of non-inter-level travel turns spent in this place.
 F = Non-inter-level travel turns spent in this place divided by the number of levels of this place that you've seen.
                   A       B       C       D       E      F
               +-------+-------+-------+-------+-------+----------------------
         Total | 100.0 | 100.0 |   0.4 |   0.7 |   0.3 | 457.0
       Dungeon | 100.0 | 100.0 |   0.4 |   0.7 |   0.3 | 457.0
               +-------+-------+-------+-------+-------+----------------------

Table legend:
 A = Kills in this place as a percentage of kills in entire the game.
 B = Kills by you in this place as a percentage of kills by you in the entire game.
 C = Kills by friends in this place as a percentage of kills by friends in the entire game.
 D = Other kills in this place as a percentage of other kills in the entire game.
 E = Experience gained in this place as a percentage of experience gained in the entire game.
 F = Experience gained in this place divided by the number of levels of this place that you have seen.
                   A       B       C       D       E      F
               +-------+-------+-------+-------+-------+----------------------
         Total | 100.0 | 100.0 |  -nan |  -nan | 100.0 |  65.8
       Dungeon | 100.0 | 100.0 |  -nan |  -nan | 100.0 |  65.8
               +-------+-------+-------+-------+-------+----------------------

Vault maps used:
D:1:      dpeg_arrival_lava_temple_mockup, minmay_misc_feat_room,
          minmay_fountain_box, hangedman_abyss_or_decor_stabs
D:2:      serial_forest, infiniplex_forest_lined_corner,
          infiniplex_forest_clump_medium, infiniplex_forest_end_double,
          infiniplex_forest_straight_2, infiniplex_forest_clump_cross,
          infiniplex_forest_end_double, infiniplex_forest_straight_4,
          infiniplex_forest_clump_diagonal, infiniplex_forest_lined_4_way,
          first_bread, minivault_14
D:3:      grunt_gozag_statues, dk_noncrumbling_3, minmay_misc_feat_columns
D:4:      kennysheep_mini_moat, grunt_temple_overflow_open, serial_shops, shop,
          tgw_sif
